 Dungeon Crawl Stone Soup version 0.18-a0-1745-gffa9a88 (webtiles) character file.

46 dobroeutro the Skirmisher (level 3, -2/29 HPs)
             Began as a Demonspawn Fighter on Apr 11, 2016.
             Killed from afar by an orc wizard (4 damage)
             ... with a magic dart
             ... on level 3 of the Dungeon.
             The game lasted 00:06:56 (1127 turns).

dobroeutro the Skirmisher (Demonspawn Fighter)      Turns: 1127, Time: 00:06:56

Health: -2/29      AC: 10    Str: 17    XL:     3   Next: 44%
Magic:  0/3        EV:  7    Int:  9    God:
Gold:   68         SH: 11    Dex: 16    Spells: 0 memorised, 2 levels left

rFire  . . .     SeeInvis .     a - +0 war axe
rCold  . . .     Gourm    .     b - +0 scale mail
rNeg   . . .     Faith    .     c - +0 shield
rPois  .         Spirit   +     (no helmet)
rElec  .         Dismiss  .     q - +0 cloak
rCorr  .         Reflect  .     (no gloves)
SustAt .         Harm     .     (no boots)
MR     .....                    (no amulet)
Stlth  +.........               p - ring of stealth
                                l - +4 ring of dexterity

@: not resistant to hostile enchantments, very unstealthy
A: large bone plates 1, magic shield
a: no special abilities


You were on level 3 of the Dungeon.
You were very hungry.

You visited 1 branch of the dungeon, and saw 3 of its levels.

You collected 68 gold pieces.

Inventory:

Hand Weapons
 a - a +0 war axe (weapon)
Armour
 b - a +0 scale mail (worn)
 c - a +0 shield (worn)
 q - a +0 cloak (worn)
Jewellery
 g - an uncursed ring of positive energy
 l - a +4 ring of dexterity (left hand)
 p - a ring of stealth (right hand)
Scrolls
 i - a scroll of noise {unknown}
 j - a scroll of identify {unknown}
 k - a scroll of fog {unknown}
 m - a scroll of remove curse {unknown}
 o - a scroll of random uselessness {unknown}
Potions
 d - 2 potions of might
 e - a potion of mutation {unknown}
 h - a potion of brilliance {unknown}
 n - a potion of resistance {unknown}
 r - 2 potions of heal wounds {unknown}
 u - a potion of curing {unknown}
Comestibles
 f - a bread ration
 t - 5 fruits


   Skills:
 + Level 3.4 Fighting
 + Level 1.7 Axes
 + Level 3.2 Armour
 + Level 0.8 Dodging
 + Level 3.1 Shields


You had 2 spell levels left.
You didn't know any spells.

Dungeon Overview and Level Annotations

Branches:
Dungeon (3/15)

Altars:
Dithmenos
Elyvilon
Nemelex Xobeh
Pakellas
Qazlal


Innate Abilities, Weirdness & Mutations

You are partially covered in large bone plates (AC +2, SH +2).
When hurt, damage is shared between your health and your magic reserves.


Message History

You hear some strange, mumbled words.
A magic dart appears from out of thin air!
The magic dart hits you!
You closely miss something. You block something's attack.
You closely miss something. Something hits you but does no damage.
You hear some strange, mumbled words.
A magic dart appears from out of thin air!
The magic dart hits you!
* * * LOW HITPOINT WARNING * * *
You closely miss something. Something hits you.
* * * LOW HITPOINT WARNING * * *
You miss something. Something hits you but does no damage.
You block something's attack.
You miss something. You block something's attack.
You miss something.
Something hits you but does no damage. x2
You closely miss something.
An orc wizard appears from thin air!
Reactivating autopickup.
The orc wizard gestures at you while chanting.
The magic dart hits you!
You die...

######.##.##.#
.............#.#
#####....##.#.#
#..####.#.##.#
#..####.......
#........#
#...####.#
#...####.###.#
#.).##.o@....#
####.)[##.#.##......
#.......†....# ##.#.
.....$....<..#
#...........##
#####...##....
#...####### #...#
#...#


You could see an orc wizard.

Vanquished Creatures
  2 giant geckos
  4 orcs (D:3)
  A ball python (D:1)
  3 bats
  2 giant cockroaches (D:2)
  10 goblins
  2 hobgoblins (D:2)
  4 jackals (D:2)
  A kobold (D:1)
  2 giant newts (D:1)
  2 rats (D:1)
33 creatures vanquished.

Notes
Turn   | Place    | Note
--------------------------------------------------------------
     0 | D:1      | dobroeutro the Demonspawn Fighter began the quest for the Orb.
     0 | D:1      | Reached XP level 1. HP: 18/18 MP: 1/1
   144 | D:1      | Gained mutation: When hurt, damage is shared between your health and your magic reserves. [demonic ancestry]
   144 | D:1      | Reached XP level 2. HP: 24/24 MP: 2/2
   550 | D:2      | Found a white marble altar of Elyvilon.
   600 | D:2      | Found a stormy altar of Qazlal.
   682 | D:2      | Found a sparkling altar of Nemelex Xobeh.
   730 | D:2      | Found a shadowy altar of Dithmenos.
   757 | D:2      | Gained mutation: You are partially covered in large bone plates (AC +2, SH +2). [demonic ancestry]
   757 | D:2      | Reached XP level 3. HP: 23/29 MP: 3/3
   863 | D:2      | Found an oddly glowing altar of Pakellas.
  1127 | D:3      | Killed from afar by an orc wizard

Vault maps used:
D:1:      dpeg_arrival_tiny_i
D:2:      old_standard_altar, elyvilon_altar_5, nemelex_altar_shiori,
          lemuel_round_altar, grunt_pakellas_mercury, lemuel_old_faithful
D:3:      first_bread, okawaru_altar_gauntlet_db

Skill      XL: |  1  2 |
---------------+-------+-----
Shields        | 3 |  3.1
Armour         | 3 |  3.2
Fighting       | |  3.4
Axes           | |  1.7
Dodging        | |  0.8

Action                   || total
-------------------------++-------
Melee: War axe           ||   139
